 Dungeon Crawl Stone Soup version 0.30-a0-715-gdb4ae3ece1 (webtiles) character file.

Game seed: 8529486225409273339

58 wormed the Sneak (level 4, -3/28 HPs)
             Began as an Octopode Air Elementalist on Jan 23, 2023.
             Slain by an adder (4 damage)
             ... on level 2 of the Dungeon.
             The game lasted 00:02:15 (2088 turns).

wormed the Sneak (Octopode Air Elementalist)        Turns: 2088, Time: 00:02:16

Health: -3/28      AC:  1    Str:  4 (7)  XL:     4   Next: 1%
Magic:  3/7        EV: 13    Int: 16 (19) God:
Gold:   31         SH:  0    Dex:  9 (12) Spells: 1/7 levels left

rFire   . . .      SeeInvis .      - Unarmed
rCold   . . .      Faith    .    (no shield)
rNeg    . . .      Spirit   .    (helmet restricted)
rPois   .          Reflect  .    (no amulet)
rElec   .          Harm     .    (no ring)
rCorr   .          Rampage  .    (no ring)
Will    .....                    (no ring)
Stlth   +++                      (no ring)
HPRegen 0.24/turn                (no ring)
MPRegen 0.10/turn                (no ring)
                                 (no ring)
                                 (no ring)

@: no status effects
A: almost no armour, amphibious, 8 rings, camouflage 1, gelatinous body 1,
(nimble swimmer 1), tentacles
a: no special abilities


You were on level 2 of the Dungeon.
You visited 1 branch of the dungeon, and saw 2 of its levels.

You collected 31 gold pieces.

Inventory:

Scrolls
 b - 2 scrolls of identify {unknown}
 d - a scroll of silence {unknown}
 f - 2 scrolls of teleportation {unknown}
 i - a scroll of poison {unknown}
Potions
 e - a potion of might


   Skills:
 + Level 1.1 Fighting
 + Level 2.3 Dodging
 + Level 3.4 Stealth
 + Level 1.1 Unarmed Combat
 + Level 2.3 Spellcasting
 - Level 1.0 Conjurations
 + Level 3.3 Air Magic


You had one spell level left.
You knew the following spells:

 Your Spells              Type           Power      Damage    Failure   Level
a - Shock                 Conj/Air       32%        1d5       9%          1
b - Static Discharge      Conj/Air       16%        2-3/arc   12%         2
c - Swiftness             Air            12%        N/A       16%         3

Your spell library contained the following spells:

 Spells                   Type           Power      Damage    Failure   Level
 Apportation              Tloc           2%         N/A       21%         1
 Necrotise                Necr           4%         1d4       21%         1
 Summon Small Mammal      Summ           4%         N/A       21%         1
 Airstrike                Air            6%         2d(1-17)  45%         4


Dungeon Overview and Level Annotations

Branches:
Dungeon (2/15)

Altars:

Annotations:
D:1 1 runed translucent door


Innate Abilities, Weirdness & Mutations

You cannot wear most types of armour.
You are amphibious.
You can wear up to eight rings at the same time.
Your skin changes colour to match your surroundings (Stealth+).
Your rubbery body absorbs attacks. (AC +1, EV +1)
((You are camouflaged when in or above water. (Stealth+)))
You have tentacles for arms and can constrict up to eight enemies at once.


Message History

* * * LOW HITPOINT WARNING * * *
The adder barely misses you.
You have reached level 4!
It was a potion of might.
You feel very mighty all of a sudden.
* * * LOW HITPOINT WARNING * * *
You feel sick. The adder barely misses you.
It was a potion of cancellation.
Your magical effects are unravelling.
You feel magically purged.
Your magical contamination has completely faded away.
You feel a little less mighty now.
* * * LOW HITPOINT WARNING * * *
You feel sick. The adder completely misses you.
It was a potion of degeneration.
There was something very wrong with that liquid.
You feel weakened.
You feel dopey.
You feel clumsy.
* * * LOW HITPOINT WARNING * * *
You feel sick. The adder barely misses you. x2
It was a potion of curing.
You feel better. The adder barely misses you. Magic courses through your body.
The adder barely misses you.
Casting: Static Discharge (safe; 12% risk of failure)
Confirm with . or Enter, or press ? or * to list all spells.
The adder is struck by an arc of lightning.
The adder is lightly wounded.
You are struck by an arc of lightning.
* * * LOW HITPOINT WARNING * * *
The lightning grounds out.
The adder barely misses you.
Casting: Static Discharge (safe; 12% risk of failure)
Confirm with . or Enter, or press ? or * to list all spells.
The adder is struck by an arc of lightning.
The adder is moderately wounded.
You are struck by an arc of lightning.
* * * LOW HITPOINT WARNING * * *
The adder is struck by an arc of lightning.
The adder is severely wounded.
The lightning grounds out.
The adder bites you.
* * * LOW HITPOINT WARNING * * *
The adder bites you.
You die...

#.......# ########
#.......######.......
#..[....##...'.......
#....>...#.###.......
......).#.# ########
########....#.##########
#.......................
#.........#......)......
#......@..#.#.......<...
#.....S...#.#.##+###'###
#.........#.#..#.###.###
#...<.....#.##.#........
########+##.##.#####..))
#.##.# ###)# #. #.# #.#
#.#######.# #.##......#


You could see an adder.

Vanquished Creatures
  An adder (D:2)
  A worm (D:2)
  2 dart slugs (D:1)
  3 endoplasms
  5 giant cockroaches
  3 goblins
  3 jackals (D:1)
  3 quokkas
  4 ball pythons (D:1)
  4 bats
  3 frilled lizards (D:1)
  7 kobolds
  A rat (D:1)
40 creatures vanquished.

Notes
Turn   | Place    | Note
-------+----------+-------------------------------------------
     0 | D:1      | wormed the Octopode Air Elementalist began the quest for
                  | the Orb.
     0 | D:1      | Reached XP level 1. HP: 11/11 MP: 3/3
     1 | D:1      | Found a runed translucent door.
   105 | D:1      | Reached XP level 2. HP: 14/18 MP: 0/5
   113 | D:1      | Learned a level 2 spell: Static Discharge
   837 | D:1      | Reached XP level 3. HP: 14/22 MP: 1/6
  1054 | D:1      | Found a faded altar of an unknown god.
  1107 | D:1      | Reached skill level 1 in Unarmed Combat
  1426 | D:1      | Learned a level 3 spell: Swiftness
  1671 | D:2      | Reached skill level 1 in Fighting
  2082 | D:2      | Reached XP level 4. HP: 4/28 MP: 0/7
  2088 | D:2      | HP: 1/28 [adder (4)]
  2088 | D:2      | Slain by an adder

Illustrated notes

Levels and vault maps discovered:
D:1:      dpeg_arrival_caged_fury, layout_basic,
          shapermc_ecumenical_altar_totnotflames, minmay_misc_feat_enclosed,
          minmay_worlds_worst_comb
D:2:      layout_basic

Skill      XL: |  1  2  3 |
---------------+----------+-----
Stealth        | 3 |  3.4
Unarmed Combat | 1 |  1.1
Fighting       | 1 |  1.1
Dodging        | |  2.3
Spellcasting   | |  2.3
Conjurations   | |  1.0
Air Magic      | |  3.3

Action                     |  1- 3 |  4- 6 || total
---------------------------+-------+-------++-------
  Melee: Unarmed           |    36 |       ||    36
         Constrict         |     7 |       ||     7
         Tentacles         |     4 |       ||     4
   Cast: Shock             |     7 |       ||     7
         Static Discharge  |    39 |     2 ||    41
    Use: Potion            |       |     5 ||     5
   Stab: Sleeping          |     4 |       ||     4
 Armour: Skin              |     6 |       ||     6
  Dodge: Dodged            |    38 |     7 ||    45

Table legend: (Time is in decaauts)
 A = Elapsed time spent in this place.
 B = Non-inter-level travel time spent in this place.
 C = Inter-level travel time spent in this place.
 D = Time resting spent in this place.
 E = Time spent auto-exploring this place.
 F = Levels seen in this place.
 G = Mean time per level.
                   A        B        C        D        E       F      G
               +--------+--------+--------+--------+--------+-----+--------+
         Total |   2087 |   2084 |      3 |      0 |   1799 |   2 | 1043.5 |
       Dungeon |   2087 |   2084 |      3 |      0 |   1799 |   2 | 1043.5 |
               +--------+--------+--------+--------+--------+-----+--------+

Top non-repeatable levels by time:
     D:1: 1432 daAuts
     D:2: 654 daAuts
